 Dungeon Crawl Stone Soup version 0.29.1-15-g9cfb28693d (webtiles) character file.

Game seed: 17041486477174260143

222 Renzlar the Shield-Bearer (level 5, 0/47 HPs)
             Began as a Gnoll Fighter on Mar 11, 2023.
             Was a Follower of Okawaru.
             Slain by an orc
             ... wielding a +0 hand axe
              (5 damage)
             ... on level 4 of the Dungeon.
             The game lasted 00:06:59 (2744 turns).

Renzlar the Shield-Bearer (Gnoll Fighter)           Turns: 2744, Time: 00:06:59

Health: 0/47       AC:  9    Str: 17    XL:     5   Next: 99%
Magic:  5/7        EV:  9    Int:  8    God:    Okawaru [*.....]
Gold:   128        SH:  5    Dex: 11    Spells: 7/7 levels left

rFire   . . .      SeeInvis .   a - +0 war axe
rCold   . . .      Faith    .   m - +0 buckler
rNeg    . . .      Spirit   .   b - +0 scale mail
rPois   .          Reflect  .   (no helmet)
rElec   .          Harm     .   (no cloak)
rCorr   .          Rampage  .   (no gloves)
Will    .....                   q - +0 pair of boots
Stlth   ..........              (no amulet)
HPRegen 0.15/turn               (no ring)
MPRegen 0.10/turn               (no ring)

@: no status effects
A: fangs 1, strong nose, distributed training
a: Renounce Religion, Heroism


You were on level 4 of the Dungeon.
You worshipped Okawaru.
Okawaru was aware of your devotion.
You visited 1 branch of the dungeon, and saw 4 of its levels.

You collected 128 gold pieces.

Inventory:

Hand Weapons
 a - a +0 war axe (weapon)
 c - a +0 sling of freezing
 k - a +2 dagger of protection
Missiles
 h - a curare-tipped dart (quivered)
 i - 7 poisoned darts
 j - 2 throwing nets
Armour
 b - a +0 scale mail (worn)
 m - a +0 buckler (worn)
 q - a +0 pair of boots (worn)
Jewellery
 l - a ring of protection from fire
 p - a ring of fire
Potions
 d - 2 potions of might
 e - a potion of mutation {unknown}
 f - 3 potions of magic
 g - 2 potions of haste {unknown}
 n - a potion of attraction {unknown}
 r - 2 potions of curing {unknown}


   Skills:
 + Level 6.8 Fighting
 + Level 1.8 Short Blades
 + Level 1.8 Long Blades
 + Level 4.9 Axes
 + Level 1.8 Maces & Flails
 + Level 1.8 Polearms
 + Level 1.8 Staves
 + Level 1.8 Ranged Weapons
 + Level 1.8 Throwing
 + Level 6.8 Armour
 + Level 1.8 Dodging
 + Level 1.8 Stealth
 + Level 6.8 Shields
 + Level 1.8 Unarmed Combat
 + Level 1.8 Spellcasting
 + Level 1.4 Conjurations
 + Level 1.4 Hexes
 + Level 1.4 Summonings
 + Level 1.4 Necromancy
 + Level 1.4 Translocations
 + Level 1.4 Transmutations
 + Level 1.4 Fire Magic
 + Level 1.4 Ice Magic
 + Level 1.4 Air Magic
 + Level 1.4 Earth Magic
 + Level 1.4 Poison Magic
 + Level 2.0 Invocations
 + Level 1.8 Evocations


You had 7 spell levels left.
You didn't know any spells.
Your spell library was empty.

Dungeon Overview and Level Annotations

Branches:
Dungeon (4/15)
 Temple: D:4-7

Altars:
Nemelex Xobeh
Okawaru
Qazlal
Ru


Innate Abilities, Weirdness & Mutations

You have very sharp teeth.
Your uncanny sense of smell can sniff out nearby items.
Your experience applies equally to all skills.


Message History

Edmund closely misses you.
You hit Edmund. You bite Edmund, but do no damage.
Edmund is severely wounded.
Edmund hits you with a +0 flail of holy wrath!
You hit Edmund but do no damage.
Edmund is severely wounded.
You block Edmund's attack.
Edmund hits you with a +0 flail of holy wrath.
You hit Edmund. Your bite misses Edmund.
Edmund is almost dead.
You block Edmund's attack.
You closely miss Edmund.
Edmund is almost dead.
Edmund barely misses you.
Edmund hits you with a +0 flail of holy wrath!
* * * LOW HITPOINT WARNING * * *
You hit Edmund.
Edmund is almost dead.
Edmund hits you with a +0 flail of holy wrath.
* * * LOW HITPOINT WARNING * * *
You hit Edmund.
Edmund is almost dead.
Edmund hits you with a +0 flail of holy wrath.
* * * LOW HITPOINT WARNING * * *
Unknown command.
You hit Edmund.
You kill Edmund!
Okawaru is honoured by your kill.
You can now gain great but temporary skills.
You block the orc's attack.
Your Invocations skill increases to level 2!
You have reached level 5!
You barely miss the orc. The orc hits you but does no damage.
You hit the orc but do no damage. The orc barely misses you.
You barely miss the orc. Your bite misses the orc.
The orc completely misses you.
You hit the orc.
The orc is almost dead.
The orc hits you with a +0 hand axe.
You die...

###
#....######
#.(o@.$#
######.#
#.# #.# #.#
#.# #.# #.#
#.#


You could see an orc.

Vanquished Creatures
  Edmund (D:4)
  An orc priest (D:3)
  An adder (D:3)
  A dart slug (D:1)
  4 orcs (D:3)
  4 endoplasms
  4 giant cockroaches
  5 goblins
  4 hobgoblins
  3 kobolds (D:1)
  5 quokkas
  4 ball pythons
  3 bats
  2 frilled lizards
  4 rats
46 creatures vanquished.

Vanquished Creatures (others)
  25 plants (D:1)
25 creatures vanquished.

Grand Total: 71 creatures vanquished

Notes
Turn   | Place    | Note
-------+----------+-------------------------------------------
     0 | D:1      | Renzlar the Gnoll Fighter began the quest for the Orb.
     0 | D:1      | Reached XP level 1. HP: 23/23 MP: 1/1
    30 | D:1      | Reached XP level 2. HP: 26/29 MP: 2/2
   780 | D:1      | Reached XP level 3. HP: 30/35 MP: 3/3
  1260 | D:2      | Reached skill level 1 in Invocations
  1919 | D:3      | Found a stormy altar of Qazlal.
  2113 | D:3      | Reached skill level 1 in Short Blades
  2113 | D:3      | Reached skill level 1 in Long Blades
  2113 | D:3      | Reached skill level 1 in Maces & Flails
  2113 | D:3      | Reached skill level 1 in Polearms
  2113 | D:3      | Reached skill level 1 in Staves
  2113 | D:3      | Reached skill level 1 in Ranged Weapons
  2113 | D:3      | Reached skill level 1 in Throwing
  2113 | D:3      | Reached skill level 1 in Dodging
  2113 | D:3      | Reached skill level 1 in Stealth
  2113 | D:3      | Reached skill level 1 in Unarmed Combat
  2113 | D:3      | Reached skill level 1 in Spellcasting
  2113 | D:3      | Reached skill level 1 in Evocations
  2176 | D:3      | Found the +7 staff of the Meek {protect, meekguard}
  2179 | D:3      | Reached XP level 4. HP: 41/41 MP: 5/5
  2185 | D:3      | Reached skill level 1 in Conjurations
  2185 | D:3      | Reached skill level 1 in Hexes
  2185 | D:3      | Reached skill level 1 in Summonings
  2185 | D:3      | Reached skill level 1 in Necromancy
  2185 | D:3      | Reached skill level 1 in Translocations
  2185 | D:3      | Reached skill level 1 in Transmutations
  2185 | D:3      | Reached skill level 1 in Fire Magic
  2185 | D:3      | Reached skill level 1 in Ice Magic
  2185 | D:3      | Reached skill level 1 in Air Magic
  2185 | D:3      | Reached skill level 1 in Earth Magic
  2185 | D:3      | Reached skill level 1 in Poison Magic
  2349 | D:3      | Found an iron altar of Okawaru.
  2416 | D:3      | Became a worshipper of Warmaster Okawaru
  2502 | D:3      | Found a faded altar of an unknown god.
  2556 | D:3      | Found a sacrificial altar of Ru.
  2556 | D:3      | Found a sparkling altar of Nemelex Xobeh.
  2717 | D:4      | Noticed Edmund
  2740 | D:4      | Killed Edmund
  2740 | D:4      | Reached * piety under Okawaru
  2741 | D:4      | Reached XP level 5. HP: 4/47 MP: 5/7
  2744 | D:4      | Slain by an orc

Illustrated notes

Levels and vault maps discovered:
D:1:      roderic_crop_circles_arrival_large, layout_loops_ring
D:2:      layout_loops_corners
D:3:      layout_loops_cross, lemuel_tele_altar, grunt_qazlal_sundering,
          gammafunk_temple_overflow_statue, chequers_ecumenical_altar_island,
          pf_guarded_unrand_meek
D:4:      layout_loops_ring, nicolae_overflow_squiral, zin_angel,
          lemuel_temple_firewalk_b, serial_forest, infiniplex_forest_lined_1,
          infiniplex_forest_clump_small, infiniplex_forest_lined_corner,
          infiniplex_forest_lined_2, infiniplex_forest_zigzag_2,
          infiniplex_forest_lined_2, infiniplex_forest_straight_1, uniq_duvessa,
          uniq_edmund, uniq_blork_the_orc

Skill      XL: |  1  2  3  4 |
---------------+-------------+-----
Invocations    | 1 2 |  2.0
Short Blades   | 1 |  1.8
Long Blades    | 1 |  1.8
Maces & Flails | 1 |  1.8
Polearms       | 1 |  1.8
Staves         | 1 |  1.8
Ranged Weapons | 1 |  1.8
Throwing       | 1 |  1.8
Dodging        | 1 |  1.8
Stealth        | 1 |  1.8
Unarmed Combat | 1 |  1.8
Spellcasting   | 1 |  1.8
Evocations     | 1 |  1.8
Conjurations   | 1 |  1.4
Hexes          | 1 |  1.4
Summonings     | 1 |  1.4
Necromancy     | 1 |  1.4
Translocations | 1 |  1.4
Transmutations | 1 |  1.4
Fire Magic     | 1 |  1.4
Ice Magic      | 1 |  1.4
Air Magic      | 1 |  1.4
Earth Magic    | 1 |  1.4
Poison Magic   | 1 |  1.4
Fighting       | |  6.8
Axes           | |  4.9
Armour         | |  6.8
Shields        | |  6.8

Action                   |  1- 3 |  4- 6 || total
-------------------------+-------+-------++-------
Melee: War axe           |    71 |    36 ||   107
       Bite              |     4 |     2 ||     6
 Fire: Sling             |    19 |    14 ||    33
Throw: Dart              |       |     1 ||     1
  Use: Scroll            |     4 |     1 ||     5
Armor: Scale mail        |    24 |    13 ||    37
Dodge: Dodged            |    29 |    21 ||    50
Block: Buckler           |    27 |    13 ||    40
